 Dungeon Crawl Stone Soup version 0.31-a0-210-gccc998df9b (webtiles) character file.

Game seed: 5359712391111963822

10473 qw the Cleaver (level 11, -7/71 HPs)
             Began as a Gargoyle Fighter on June 29, 2023.
             Was an Elder of Okawaru.
             Mangled by Sonja
             ... wielding a +2 short sword of distortion
              (14 damage)
             ... on level 1 of the Lair of Beasts.
             The game lasted 00:04:38 (8367 turns).

qw the Cleaver (Gargoyle Fighter)                   Turns: 8367, Time: 00:04:39

Health: -7/71      AC: 29    Str: 30    XL:     11   Next: 62%
Magic:  14/16      EV: 10    Int:  9    God:    Okawaru [****..]
Gold:   429        SH:  6    Dex:  9    Spells: 10/10 levels left

rFire   . . .        Y - +3 war axe (protect)
rCold   . . .        c - +0 buckler
rNeg    + . .        w - +0 plate armour
rPois   inf          x - +2 helmet
rElec   +            (no cloak)
rCorr   .            h - +2 pair of gloves
SInv    +            (no boots)
Will    .....        A - amulet of faith Stlth
                     a - +6 ring of strength
HPRegen 0.31/turn    g - ring of see invisible
MPRegen 0.15/turn

%: faith
@: heroic
A: sickness immunity, AC +8, negative energy resistance 1, electricity
resistance, torment resistance 1, petrification resistance
a: Renounce Religion, Heroism, Finesse


You were on level 1 of the Lair of Beasts.
You worshipped Okawaru.
Okawaru was greatly pleased with you.
You visited 3 branches of the dungeon, and saw 10 of its levels.
You also visited: Ossuary.

You collected 624 gold pieces.
You spent 195 gold pieces at shops.


Innate Abilities, Weirdness & Mutations

You are immune to sickness and miasma.
Your stone body is resilient. (AC +8)
You are immune to poison.
You resist negative energy. (rN+)
You are resistant to electric shocks. (rElec)
You are resistant to unholy torment.
You are immune to petrification.


   Skills:
 - Level 9.1(14.1) Fighting
 - Level 11.5(16.5) Axes
 - Level 3.0(8.0) Throwing
 + Level 5.4(10.4) Armour
 - Level 2.4(7.4) Dodging
 - Level 6.2(11.2) Shields
 + Level 7.7 Invocations


You had 10 spell levels left.
You didn't know any spells.
Your spell library was empty.

Inventory:

Hand Weapons
 r - a +3 morningstar of freezing
 y - a +4 war axe
 Y - a +3 war axe of protection (weapon)
Missiles
 v - 3 boomerangs
 C - 2 javelins (quivered)
Armour
 c - a +0 buckler (worn)
 h - a +2 pair of gloves (worn)
 w - a +0 plate armour (worn)
 x - a +2 helmet (worn)
Jewellery
 a - a +6 ring of strength (left hand)
 g - a ring of see invisible (right hand)
 t - a ring of protection from cold
 A - an amulet of faith (around neck)
 B - a +4 ring of protection
Wands
 m - a wand of digging (3)
Scrolls
 k - a scroll of identify
Potions
 d - 5 potions of might
 e - a potion of mutation
 f - a potion of resistance
 i - 2 potions of enlightenment
 j - a potion of lignification
 n - 2 potions of haste
 o - a potion of attraction {unknown}
 p - a potion of ambrosia {unknown}
 q - 3 potions of curing

Dungeon Overview and Level Annotations

Branches:
Dungeon (8/15)             Temple (1/1) D:4            Lair (1/5) D:8
Ossuary (visited)

Altars:
Ashenzari
Cheibriados
Dithmenos
Elyvilon
Gozag
Hepliaklqana
Kikubaaqudgha
Makhleb
Nemelex Xobeh
Okawaru
Qazlal
Ru
Sif Muna
Trog
Uskayaw
Vehumet
Wu Jian
Xom
Zin
The Shining One

Shops:
D:4 *   D:5 =   D:7 (

Annotations:
D:4 1 runed translucent door, Crazy Yiuf
D:8 2 transporters, qw's ghost, novice GrFi
Lair:1 Sonja


Message History

Sonja barely misses you.
You miss Sonja.
Sonja mumbles some strange words.
Sonja blinks!
You see here a javelin.
Sonja hits you but does no damage.
You blink.
Sonja throws a curare-tipped dart.
The curare-tipped dart completely misses you.
You closely miss Sonja. You block Sonja's attack.
Sonja hits you but does no damage. Space warps horribly around you!
Sonja closely misses you.
You slice Sonja!!
Your weapon exudes an aura of protection.
Sonja is severely wounded.
Sonja mumbles some strange words.
Sonja blinks!
Sonja throws a curare-tipped dart.
The curare-tipped dart hits you.
You barely miss Sonja.
Sonja is severely wounded.
You block Sonja's attack. Sonja hits you but does no damage.
You blink.
Found a purple potion.
Sonja throws a curare-tipped dart.
The curare-tipped dart hits you.
Sonja throws a curare-tipped dart.
You block the curare-tipped dart.
You see here a javelin.
You miss Sonja.
Sonja is severely wounded.
Sonja hits you with a +2 short sword of distortion.
You blink.
Found a scroll of revelation.
Enter note: Sonja throws a curare-tipped dart.
You block the curare-tipped dart.
You feel like a meek peon again.
8364 ||| INVOKING Heroism.
You gain the combat prowess of a mighty hero.
Sonja throws a curare-tipped dart.
The curare-tipped dart hits you.
Sonja gestures wildly while chanting.
Sonja blinks!
Sonja hits you but does no damage. Space warps horribly around you!!
You block Sonja's attack. Sonja hits you but does no damage.
Space warps horribly around you!
You die...

#....# # #.....#### ##.
##
.......#.######.####.###
.........##..##.........
..............#.........
.......<%.....#.........
#.......................
#............K..........
#........#...@(.........
.........#...........##.
........#...............
>#P#....................
####...........###..^..
...........# .....
##................
##.#.......... ..
###.......... .


You could see Sonja.

Vanquished Creatures
  A centaur warrior (D:8)
  2 two-headed ogres (D:8)
  A deep elf pyromancer (D:8)
  2 cyclopes (D:8)
  3 ugly things (D:8)
  Joseph (D:7)
  A komodo dragon (Lair:1)
  A troll (D:8)
  A slime creature (D:8)
  A wyvern (D:7)
  A yak (D:7)
  A wraith (D:8)
  A steam dragon (D:7)
  Grum (D:8)
  A vampire mosquito (D:8)
  A water moccasin (D:8)
  Menkaure (D:7)
  Duvessa (D:7)
  2 sky beasts
  2 black bears (D:6)
  3 orc warriors
  An ice beast (D:7)
  4 wolves (D:8)
  2 centaurs (D:7)
  2 phantoms (D:6)
  3 bullfrogs (D:8)
  3 scorpions
  20 wights
  Dowan (D:7)
  12 killer bees
  2 howler monkeys
  3 hounds
  A gnoll bouda (D:6)
  4 orc priests
  An iguana (D:6)
  2 jellies
  A sleepcap (D:6)
  8 orc wizards
  3 mummies (Ossuary)
  4 adders
  6 gnolls (D:6)
  A shadow imp (D:7)
  4 white imps
  An ufetubus (D:4)
  An adder zombie (Ossuary)
  2 dart slugs
  19 orcs
  12 ball pythons
  3 endoplasms
  2 giant cockroaches
  A gnoll zombie (Ossuary)
  6 goblins
  6 hobgoblins
  6 kobolds
  5 quokkas
  7 bats
  3 frilled lizards
  4 goblin zombies (Ossuary)
  3 hobgoblin zombies (Ossuary)
  4 kobold zombies (Ossuary)
  3 quokka zombies (Ossuary)
  5 rats
  2 rat zombies (Ossuary)
212 creatures vanquished.

Vanquished Creatures (others)
  A gnoll (D:6)
1 creature vanquished.

Grand Total: 213 creatures vanquished

Notes
Turn   | Place    | Note
-------+----------+-------------------------------------------
     0 | D:1      | qw the Gargoyle Fighter began the quest for the Orb.
     0 | D:1      | Reached XP level 1. HP: 14/14 MP: 1/1
     0 | D:1      | 0 ||| qw: Version: 0.3-a-24-ga2abf7b
     0 | D:1      | 0 ||| qw: Game counter: 6919
     0 | D:1      | 0 ||| qw: Melee chars always use a shield: true
     0 | D:1      | 0 ||| qw: God list: Okawaru
     0 | D:1      | 0 ||| qw: Allow faded altars: false
     0 | D:1      | 0 ||| qw: Do Orc after clearing Dungeon:15 true
     0 | D:1      | 0 ||| qw: Do second Lair branch before Depths: true
     0 | D:1      | 0 ||| qw: Lair rune preference: random
     0 | D:1      | 0 ||| qw: Goals: Normal, Zot:1-4, Slime:5, God:TSO, Crypt,
                  | Tomb, Abyss, Pan, Hells, Win
     0 | D:1      | 0 ||| PLANNING D:1-11
    24 | D:1      | Reached skill level 2 in Axes
    75 | D:1      | 75 ||| Stepping ~*~*~tactically~*~*~ (stealth).
   107 | D:1      | Reached XP level 2. HP: 19/19 MP: 2/2
   315 | D:1      | 315 ||| Stepping ~*~*~tactically~*~*~ (stealth).
   370 | D:1      | Reached skill level 3 in Axes
   477 | D:1      | Reached XP level 3. HP: 23/23 MP: 3/3
   547 | D:1      | 547 ||| READING scroll labelled BETHRA INTAITUXT.
   548 | D:1      | 548 ||| READING scroll labelled OMNEGR FERAPIERUJA.
   654 | D:2      | 654 ||| Stepping ~*~*~tactically~*~*~ (hiding).
   656 | D:2      | 656 ||| Stepping ~*~*~tactically~*~*~ (hiding).
   711 | D:2      | 711 ||| DROPPING +0 club.
   722 | D:2      | 722 ||| Stepping ~*~*~tactically~*~*~ (hiding).
   725 | D:2      | 725 ||| Stepping ~*~*~tactically~*~*~ (hiding).
   727 | D:2      | 727 ||| Stepping ~*~*~tactically~*~*~ (hiding).
  1038 | D:2      | 1038 ||| Stepping ~*~*~tactically~*~*~ (stealth).
  1074 | D:2      | Found a faded altar of an unknown god.
  1083 | D:2      | 1083 ||| DROPPING +0 whip.
  1118 | D:2      | 1118 ||| UPGRADING to +0 pair of gloves.
  1123 | D:2      | 1123 ||| UPGRADING to +6 ring of strength.
  1124 | D:2      | 1124 ||| DROPPING ring of magical power.
  1125 | D:2      | 1125 ||| UPGRADING to ring of positive energy.
  1126 | D:2      | 1126 ||| READING scroll labelled BICEUM WUNE.
  1127 | D:2      | 1127 ||| READING scroll labelled XEUPES YL WARR.
  1128 | D:2      | 1128 ||| READING scroll labelled DUWOQA GIWAI.
  1129 | D:2      | 1129 ||| DRINKING 2 bubbling white potions.
  1234 | D:2      | 1234 ||| DROPPING potion of berserk rage.
  1299 | D:3      | 1299 ||| Stepping ~*~*~tactically~*~*~ (hiding).
  1328 | D:3      | Reached skill level 4 in Axes
  1328 | D:3      | Reached XP level 4. HP: 25/28 MP: 4/4
  1334 | D:3      | 1334 ||| Stepping ~*~*~tactically~*~*~ (stealth).
  1673 | D:3      | 1673 ||| READING scroll of enchant armour.
  1673 | D:3      | 1673 ||| ENCHANTING +0 pair of gloves.
  1976 | D:3      | 1976 ||| READING scroll labelled VAGALO NEYME.
  1977 | D:3      | 1977 ||| READING scroll labelled SAGENT NIVO.
  1978 | D:3      | 1978 ||| DRINKING 2 fizzy grey potions.
  2002 | D:4      | 2002 ||| PLANNING OSSUARY
  2007 | D:4      | 2007 ||| Stepping ~*~*~tactically~*~*~ (hiding).
  2036 | D:4      | 2036 ||| READING scroll of enchant armour.
  2036 | D:4      | 2036 ||| ENCHANTING +1 pair of gloves.
  2059 | D:4      | Reached XP level 5. HP: 32/32 MP: 5/5
  2112 | D:4      | Found a sand-covered staircase.
  2118 | Ossuary  | Entered an ossuary
  2128 | Ossuary  | HP: 7/32 [mummy (8)]
  2129 | Ossuary  | 2129 ||| DRINKING potion of heal wounds.
  2131 | Ossuary  | Reached skill level 5 in Axes
  2299 | Ossuary  | 2299 ||| READING scroll of enchant weapon.
  2299 | Ossuary  | 2299 ||| ENCHANTING +1 war axe.
  2321 | Ossuary  | 2321 ||| READING scroll labelled TEUPRU EHYGO.
  2339 | Ossuary  | 2339 ||| READING scroll labelled WEK XAGHUMIU.
  2340 | Ossuary  | 2340 ||| READING scroll labelled OCSUFENALE.
  2341 | Ossuary  | 2341 ||| READING scroll labelled EXYRAC AKOGOVO.
  2342 | Ossuary  | 2342 ||| DRINKING 2 fuming coppery potions.
  2343 | Ossuary  | 2343 ||| DRINKING 2 fizzy red potions.
  2344 | Ossuary  | 2344 ||| DROPPING potion of degeneration.
  2349 | D:4      | 2349 ||| PLANNING D:1-11
  2437 | D:4      | Found a hazy altar of Hepliaklqana.
  2437 | D:4      | Found a snail-covered altar of Cheibriados.
  2452 | D:4      | 2452 ||| Stepping ~*~*~tactically~*~*~ (hiding).
  2567 | D:4      | Found Liubiof's Overcharged Wands.
  2591 | D:4      | Reached XP level 6. HP: 39/39 MP: 6/6
  2595 | D:4      | 2595 ||| SHOPLISTING wand of digging (11) (693 gold, have
                  | 193).
  2603 | D:4      | 2603 ||| Stepping ~*~*~tactically~*~*~ (hiding).
  2605 | D:4      | 2605 ||| Stepping ~*~*~tactically~*~*~ (hiding).
  2711 | D:4      | Found a staircase to the Ecumenical Temple.
  2712 | D:4      | 2712 ||| PLANNING TEMPLE
  2808 | D:4      | Found a stormy altar of Qazlal.
  2808 | D:4      | Noticed an air elemental
  2811 | D:4      | Noticed a water elemental
  2811 | D:4      | Noticed a fire elemental
  2835 | D:4      | Found a runed translucent door.
  2836 | D:4      | Noticed Crazy Yiuf
  3028 | D:4      | 3028 ||| DROPPING +6 ring of intelligence.
  3029 | D:4      | 3029 ||| UPGRADING to ring of protection from cold.
  3031 | D:4      | 3031 ||| DRINKING 3 dark potions.
  3032 | D:4      | 3032 ||| READING 3 scrolls of identify.
  3032 | D:4      | 3032 ||| IDENTIFYING sedimented dark potion
  3033 | D:4      | 3033 ||| READING 2 scrolls of identify.
  3033 | D:4      | 3033 ||| IDENTIFYING pink potion
  3055 | D:5      | Entered Level 5 of the Dungeon
  3056 | D:5      | 3056 ||| STAIRDANCE
  3060 | D:5      | 3060 ||| STAIRDANCE
  3064 | D:5      | 3064 ||| STAIRDANCE
  3068 | D:5      | 3068 ||| STAIRDANCE
  3072 | D:5      | 3072 ||| STAIRDANCE
  3076 | D:5      | 3076 ||| STAIRDANCE
  3080 | D:5      | 3080 ||| STAIRDANCE
  3084 | D:5      | 3084 ||| STAIRDANCE
  3088 | D:5      | 3088 ||| STAIRDANCE
  3092 | D:5      | 3092 ||| STAIRDANCE
  3096 | D:5      | 3096 ||| STAIRDANCE
  3163 | D:5      | 3163 ||| STAIRDANCE
  3165 | D:4      | 3165 ||| DRINKING 2 potions of curing.
  3165 | D:4      | 3165 ||| (to cure confusion)
  3168 | D:5      | 3168 ||| STAIRDANCE
  3192 | D:5      | 3192 ||| STAIRDANCE
  3196 | D:5      | 3196 ||| STAIRDANCE
  3200 | D:5      | 3200 ||| STAIRDANCE
  3204 | D:5      | 3204 ||| STAIRDANCE
  3208 | D:5      | 3208 ||| STAIRDANCE
  3212 | D:5      | 3212 ||| STAIRDANCE
  3216 | D:5      | 3216 ||| STAIRDANCE
  3242 | Temple   | Entered the Ecumenical Temple
  3243 | Temple   | 3243 ||| PLANNING OKAWARU WORSHIP
  3294 | Temple   | Became a worshipper of Warmaster Okawaru
  3295 | Temple   | 3295 ||| PLANNING D:1-11
  3301 | D:4      | 3301 ||| Stepping randomly (stuck).
  3312 | D:5      | Identified the +11 flail of Dissolution {protect, rN+
                  | Dex+4}
  3314 | D:5      | 3314 ||| DROPPING +0 mace.
  3394 | D:5      | Reached skill level 1 in Dodging
  3394 | D:5      | Reached XP level 7. HP: 35/44 MP: 7/7
  3398 | D:5      | Reached skill level 6 in Axes
  3589 | D:5      | 3589 ||| DROPPING +11 flail of Dissolution {protect, rN+
                  | Dex+4}.
  3625 | D:5      | 3625 ||| Stepping ~*~*~tactically~*~*~ (hiding).
  3633 | D:5      | Reached skill level 7 in Axes
  3753 | D:5      | Found Pauroug's Jewellery Shoppe.
  3763 | D:5      | 3763 ||| SHOPLISTING +6 ring of dexterity (468 gold, have
                  | 247).
  3763 | D:5      | 3763 ||| SHOPLISTING amulet of reflection (390 gold, have
                  | 247).
  3763 | D:5      | 3763 ||| SHOPLISTING ring of protection from cold (325
                  | gold, have 247).
  3763 | D:5      | 3763 ||| BUYING ring of see invisible (195 gold).
  3763 | D:5      | Bought a ring of see invisible for 195 gold pieces
  3943 | D:5      | 3943 ||| UPGRADING to +0 chain mail.
  3953 | D:5      | 3953 ||| DROPPING +0 scale mail.
  3954 | D:5      | 3954 ||| UPGRADING to ring of see invisible.
  3956 | D:5      | 3956 ||| READING scroll labelled VIRODI DULIM.
  3966 | D:6      | Reached * piety under Okawaru
  3970 | D:6      | Reached skill level 1 in Invocations
  3970 | D:6      | Reached XP level 8. HP: 49/49 MP: 8/8
  3970 | D:6      | Found a glowing silver altar of Zin.
  3978 | D:6      | 3978 ||| INVOKING Heroism.
  3986 | D:6      | HP: 12/49 [phantom (6)]
  3986 | D:6      | HP: 2/49 [gnoll/+0 spear (6)]
  3988 | D:6      | Reached skill level 3 in Invocations
  4175 | D:6      | 4175 ||| Stepping ~*~*~tactically~*~*~ (hiding).
  4183 | D:6      | 4183 ||| INVOKING Heroism.
  4289 | D:6      | 4289 ||| Stepping ~*~*~tactically~*~*~ (hiding).
  4290 | D:6      | 4290 ||| Stepping ~*~*~tactically~*~*~ (hiding).
  4448 | D:6      | Reached skill level 8 in Axes
  4548 | D:6      | Reached skill level 6 in Fighting
  4713 | D:6      | Found a glowing golden altar of the Shining One.
  4789 | D:6      | Reached XP level 9. HP: 55/55 MP: 12/12
  4952 | D:6      | 4952 ||| DROPPING ring of positive energy.
  4972 | D:7      | Noticed Menkaure
  4973 | D:7      | 4973 ||| Stepping ~*~*~tactically~*~*~ (hiding).
  4974 | D:7      | 4974 ||| Stepping ~*~*~tactically~*~*~ (hiding).
  4975 | D:7      | 4975 ||| INVOKING Heroism.
  4978 | D:7      | Killed Menkaure
  4980 | D:7      | 4980 ||| Stepping ~*~*~tactically~*~*~ (hiding).
  4993 | D:7      | 4993 ||| Stepping ~*~*~tactically~*~*~ (hiding).
  5055 | D:7      | Found a radiant altar of Vehumet.
  5072 | D:7      | Found Rakhett's Weapon Shoppe.
  5080 | D:7      | 5080 ||| INVOKING Heroism.
  5082 | D:7      | 5082 ||| Stepping ~*~*~tactically~*~*~ (cloud).
  5088 | D:7      | Reached skill level 9 in Axes
  5108 | D:7      | Reached ** piety under Okawaru
  5279 | D:7      | 5279 ||| INVOKING Heroism.
  5351 | D:7      | 5351 ||| Stepping ~*~*~tactically~*~*~ (stealth).
  5354 | D:7      | 5354 ||| Stepping ~*~*~tactically~*~*~ (stealth).
  5356 | D:7      | 5356 ||| INVOKING Heroism.
  5373 | D:7      | HP: 13/56 [killer bee (7)]
  5385 | D:7      | 5385 ||| INVOKING Heroism.
  5554 | D:7      | Noticed Joseph
  5555 | D:7      | 5555 ||| Stepping ~*~*~tactically~*~*~ (hiding).
  5567 | D:7      | Reached skill level 1 in Throwing
  5577 | D:7      | Killed Joseph
  5801 | D:7      | Noticed Duvessa
  5801 | D:7      | Noticed Dowan
  5802 | D:7      | 5802 ||| Stepping ~*~*~tactically~*~*~ (hiding).
  5806 | D:7      | 5806 ||| INVOKING Heroism.
  5813 | D:7      | Killed Duvessa
  5814 | D:7      | Reached skill level 10 in Axes
  5822 | D:7      | Killed Dowan
  5823 | D:7      | Reached XP level 10. HP: 51/63 MP: 11/13
  6021 | D:8      | 6021 ||| STAIRDANCE
  6029 | D:7      | 6029 ||| INVOKING Heroism.
  6188 | D:8      | Noticed a two-headed ogre
  6189 | D:8      | 6189 ||| INVOKING Heroism.
  6192 | D:8      | 6192 ||| Stepping ~*~*~tactically~*~*~ (hiding).
  6199 | D:8      | Killed a two-headed ogre
  6199 | D:8      | Reached *** piety under Okawaru
  6200 | D:8      | Reached skill level 6 in Shields
  6276 | D:8      | Noticed a cyan ugly thing
  6280 | D:8      | Noticed a cyclops
  6281 | D:8      | 6281 ||| INVOKING Heroism.
  6288 | D:8      | Killed a cyan ugly thing
  6293 | D:8      | Killed a cyclops
  6293 | D:8      | Reached **** piety under Okawaru
  6393 | D:8      | Noticed a cyan ugly thing
  6394 | D:8      | Noticed a two-headed ogre
  6394 | D:8      | Noticed a cyclops
  6395 | D:8      | 6395 ||| Stepping ~*~*~tactically~*~*~ (hiding).
  6396 | D:8      | 6396 ||| INVOKING Heroism.
  6401 | D:8      | Killed a two-headed ogre
  6402 | D:8      | Reached skill level 11 in Axes
  6416 | D:8      | Killed a cyan ugly thing
  6416 | D:8      | Received a gift from Okawaru
  6417 | D:8      | Reached XP level 11. HP: 55/69 MP: 13/15
  6428 | D:8      | 6428 ||| INVOKING Heroism.
  6430 | D:8      | Killed a cyclops
  6431 | D:8      | Reached skill level 6 in Invocations
  6542 | D:8      | Noticed a green ugly thing
  6544 | D:8      | 6544 ||| Stepping ~*~*~tactically~*~*~ (hiding).
  6545 | D:8      | 6545 ||| INVOKING Heroism.
  6545 | D:8      | Noticed a centaur warrior
  6558 | D:8      | Killed a green ugly thing
  6559 | D:8      | Reached skill level 9 in Fighting
  6565 | D:8      | Killed a centaur warrior
  6565 | D:8      | Received a gift from Okawaru
  6705 | D:8      | 6705 ||| Stepping ~*~*~tactically~*~*~ (stealth).
  6739 | D:8      | 6739 ||| Stepping ~*~*~tactically~*~*~ (stealth).
  6740 | D:8      | 6740 ||| INVOKING Heroism.
  6883 | D:8      | Found a staircase to the Lair.
  6884 | D:8      | 6884 ||| INVOKING Heroism.
  6936 | D:8      | 6936 ||| READING scroll of enchant weapon.
  6936 | D:8      | 6936 ||| ENCHANTING +2 war axe of protection.
  6964 | D:8      | Noticed a deep elf pyromancer
  6970 | D:8      | 6970 ||| INVOKING Heroism.
  6972 | D:8      | Killed a deep elf pyromancer
  7184 | D:8      | Found a transporter.
  7187 | D:8      | Noticed qw's ghost (novice GrFi)
  7201 | D:8      | Found a transporter.
  7230 | D:8      | Noticed Grum
  7231 | D:8      | 7231 ||| INVOKING Heroism.
  7239 | D:8      | Reached skill level 3 in Throwing
  7251 | D:8      | Killed Grum
  7389 | D:8      | 7389 ||| Stepping ~*~*~tactically~*~*~ (stealth).
  7404 | D:8      | 7404 ||| Stepping ~*~*~tactically~*~*~ (stealth).
  7603 | D:8      | 7603 ||| Stepping ~*~*~tactically~*~*~ (hiding).
  7712 | D:8      | 7712 ||| Stepping ~*~*~tactically~*~*~ (stealth).
  7715 | D:8      | 7715 ||| Stepping ~*~*~tactically~*~*~ (hiding).
  7716 | D:8      | 7716 ||| Stepping ~*~*~tactically~*~*~ (hiding).
  7723 | D:8      | 7723 ||| Stepping ~*~*~tactically~*~*~ (hiding).
  7728 | D:8      | 7728 ||| INVOKING Heroism.
  7729 | D:8      | 7729 ||| Stepping ~*~*~tactically~*~*~ (hiding).
  7998 | D:8      | 7998 ||| Stepping ~*~*~tactically~*~*~ (hiding).
  7999 | D:8      | 7999 ||| Stepping ~*~*~tactically~*~*~ (hiding).
  8104 | D:8      | 8104 ||| PLANNING LAIR
  8104 | D:8      | 8104 ||| UPGRADING to +0 plate armour.
  8114 | D:8      | 8114 ||| DROPPING +0 chain mail.
  8115 | D:8      | 8115 ||| UPGRADING to +0 helmet.
  8120 | D:8      | 8120 ||| READING 2 scrolls of enchant armour.
  8120 | D:8      | 8120 ||| ENCHANTING +0 helmet.
  8121 | D:8      | 8121 ||| READING scroll of enchant armour.
  8121 | D:8      | 8121 ||| ENCHANTING +1 helmet.
  8122 | D:8      | 8122 ||| UPGRADING to amulet of faith.
  8127 | D:8      | 8127 ||| DROPPING +6 ring of dexterity.
  8128 | D:8      | 8128 ||| READING scroll labelled CALUC GEB.
  8229 | D:8      | 8229 ||| READING scroll labelled SEAHAE SICONUN.
  8230 | D:8      | 8230 ||| READING 3 scrolls of identify.
  8230 | D:8      | 8230 ||| IDENTIFYING puce potion
  8231 | D:8      | 8231 ||| READING 2 scrolls of identify.
  8231 | D:8      | 8231 ||| IDENTIFYING lumpy golden potion
  8232 | D:8      | 8232 ||| DROPPING potion of brilliance.
  8315 | Lair:1   | Entered Level 1 of the Lair of Beasts
  8316 | Lair:1   | 8316 ||| PLANNING GAUNTLET
  8316 | Lair:1   | 8316 ||| INVOKING Heroism.
  8338 | Lair:1   | Noticed Sonja
  8364 | Lair:1   | 8364 ||| INVOKING Heroism.
  8367 | Lair:1   | HP: 7/71 [Sonja/+2 short sword of distortion (20)]
  8367 | Lair:1   | Mangled by Sonja

Levels and vault maps discovered:
D:1:      zelgadis_glass_arrival_small, layout_rooms
D:2:      layout_basic, nicolae_ecumenical_snake_handling
D:3:      layout_loops_cross
D:4:      layout_gridville, nicolae_qazlal_style_of_elements,
          nicolae_overflow_squiral, minmay_temple_entry_from_below_a,
          enter_ossuary_2, minmay_misc_feat_rugged,
          nicolae_shop_overcharged_wands, uniq_crazy_yiuf_cottage
D:5:      layout_gridville, serial_shops, nicolae_shop_peninsula, hex_large
D:6:      layout_cave_pools, mainiacjoe_overflow_cross_hatched, tso_metal_star,
          dreamdust_princess_bridge
D:7:      layout_basic, vehumet_altar_wand_db, serial_shops,
          nicolae_shop_just_a_little_nook, uniq_duvessa, uniq_joseph,
          uniq_menkaure
D:8:      hangedman_cross_veins, layout_cave_pods,
          grunt_lair_entry_orc_guard_hut, gammafunk_ghost_stat_death, uniq_grum
Temple:   nicolae_temple_ecumenical_triangle
Lair:1:   layout_hall_layers, gauntlet_entry_generic, gammafunk_ghost_grave,
          uniq_sonja

Skill      XL: |  1  2  3  4  5  6  7  8  9 10 11 |
---------------+----------------------------------+-----
Axes           | 2 3 4 5 7 8 10 11 | 11.5
Fighting       | 4 5 6 7 8 9 |  9.1
Dodging        | 1 2 |  2.4
Invocations    | 1 4 5 7 |  7.7
Shields        | 4 6 |  6.2
Armour         | 4 5 |  5.4
Throwing       | 1 3 |  3.0

Action                     |  1- 3 |  4- 6 |  7- 9 | 10-12 || total
---------------------------+-------+-------+-------+-------++-------
  Melee: War axe           |   124 |   162 |   193 |   223 ||   702
  Throw: Boomerang         |       |       |       |    13 ||    13
         Javelin           |       |       |       |    10 ||    10
 Invoke: Heroism           |       |       |     8 |    13 ||    21
    Use: Scroll            |     5 |    11 |     1 |     7 ||    24
         Potion            |     1 |     6 |       |       ||     7
 Armour: Scale mail        |    90 |    80 |     4 |       ||   174
         Chain mail        |       |       |   126 |   123 ||   249
         Plate armour      |       |       |       |    11 ||    11
  Dodge: Dodged            |    61 |    67 |   109 |   103 ||   340
  Block: Buckler           |    20 |    22 |    51 |    72 ||   165

Table legend:
 A = Non-vault XP
 B = Vault XP
 C = Vault XP percentage of total XP
 D = Non-vault monster count
 E = Vault monster count
 F = Vault count percentage of total count
                 A         B        C        D         E       F
            +---------+---------+-------+---------+---------+-------
      Total |    5928 |    9034 |  60.4 |     152 |      61 |  28.6
            +---------+---------+-------+---------+---------+-------
        D:1 |      38 |       0 |   0.0 |      23 |       0 |   0.0
        D:2 |      17 |       7 |  29.2 |      10 |       4 |  28.6
        D:3 |      62 |       0 |   0.0 |      16 |       0 |   0.0
        D:4 |     233 |       0 |   0.0 |      19 |       0 |   0.0
        D:5 |     597 |       0 |   0.0 |      11 |       0 |   0.0
        D:6 |    1375 |       0 |   0.0 |      26 |       0 |   0.0
        D:7 |    1513 |    1100 |  42.1 |      24 |       7 |  22.6
        D:8 |    1726 |    7849 |  82.0 |      22 |      29 |  56.9
     Lair:1 |     367 |       0 |   0.0 |       1 |       0 |   0.0
    Ossuary |       0 |      78 | 100.0 |       0 |      21 | 100.0
            +---------+---------+-------+---------+---------+-------
